 Dungeon Crawl Stone Soup version 0.15-a0-1345-gc375f20 (webtiles) character file.

14813 Borgoz the Fighter (level 12, 0/106 HPs)
             Began as a Hill Orc Fighter on June 8, 2014.
             Was an Elder of Beogh.
             Succumbed to a redback's poison
             ... on Level 1 of the Elven Halls.
             The game lasted 02:14:26 (17804 turns).

Borgoz the Fighter (Hill Orc Fighter)              Turns: 17804, Time: 02:14:26

HP   0/106       AC 19     Str 24      XL: 12   Next: 20%
MP  12/12        EV  7     Int  8      God: Beogh [****..]
Gold 1383        SH 19     Dex 13      Spells:  0 memorised, 11 levels left

rFire  + . .     SeeInvis .     b - +4,+2 flail (protect)
rCold  . . .     Clarity  .     L - +1 scale mail {MR+}
rNeg   . . .     rCorr    .     N - +0 large shield
rPois  .         rRot     .     (no helmet)
rElec  .         Spirit   .     m - +1 cloak
SustAb .         Warding  .     D - +0 pair of gloves
rMut   .         Stasis   .     (no boots)
Gourm  .                        (no amulet)
MR     +....                    x - ring of protection from fire
                                z - +3 ring of dexterity

@: lethally poisoned, somewhat resistant to hostile enchantments, extremely
unstealthy
A: no striking features
a: Smiting, Recall Orcish Followers, Renounce Religion


You were on level 1 of the Elven Halls.
You worshipped Beogh.
Beogh was greatly pleased with you.
You were hungry.

You visited 4 branches of the dungeon, and saw 16 of its levels.

You collected 1383 gold pieces.

Inventory:

Hand weapons
 b - a +4,+2 flail of protection (weapon)
 g - a +1,+2 vampiric long sword
Missiles
 o - 20 tomahawks (quivered)
 E - 3 silver tomahawks
 K - a tomahawk of returning
Armour
 c - a +0 pair of gloves
 f - a +2 scale mail of poison resistance
 m - a +1 cloak (worn)
 r - a +4 plate armour
 D - a +0 pair of gloves (worn)
 L - a +1 scale mail of magic resistance (worn)
 N - a +0 large shield (worn)
Magical devices
 u - a wand of draining (10)
 B - a wand of draining (9)
 P - a wand of paralysis (2)
Comestibles
 a - a rotting chunk of elf flesh
 d - 7 meat rations
 i - 2 chunks of warg flesh
 n - 4 chunks of ogre flesh
 t - 8 bread rations
Scrolls
 j - 4 scrolls of fog
 k - a scroll of vulnerability
 l - a scroll of magic mapping
 p - a scroll of amnesia
 q - a scroll of recharging
 y - 2 scrolls of enchant weapon I
 G - a scroll of enchant weapon II
 H - 2 scrolls of fear
Jewellery
 x - a ring of protection from fire (right hand)
 z - a +3 ring of dexterity (left hand)
Potions
 h - 5 potions of brilliance
 A - a potion of invisibility
Books
 w - the Papyrus of Quantum Summoning
   (You found it on level 6 of the Dungeon)

   Spells                             Type                      Level
   Apportation                        Translocation                1
   Blink                              Translocation                2
   Summon Guardian Golem              Hexes/Summoning              4
   Shadow Creatures                   Summoning                    5
   Monstrous Menagerie                Summoning                    6
 F - a book of the Sky

   Spells                             Type                      Level
   Flight                             Charms/Air                   3
   Airstrike                          Air                          4
   Silence                            Hexes/Air                    5
   Deflect Missiles                   Charms/Air                   6
   Conjure Ball Lightning             Conjuration/Air              6
   Tornado                            Air                          9


   Skills:
 + Level 10.1 Fighting
 + Level 1.3 Long Blades
 - Level 9.1 Maces & Flails
 + Level 7.9 Throwing
 + Level 9.4 Armour
 - Level 6.4 Dodging
 + Level 9.5 Shields


You had 11 spell levels left.
You didn't know any spells.

Dungeon Overview and Level Annotations

Branches:
Dungeon (10/15)            Temple (0/1) D:7             Orc (4/4) D:10
    Elf (1/3) Orc:4          Lair (1/8) D:9

Altars:
Cheibriados
Elyvilon
Fedhas
Makhleb
Nemelex Xobeh
Trog
Vehumet
Xom
Yredelemnul
Beogh

Shops:
D:4 %   D:7 }   D:9 *   D:10 [*   Orc:4 :*[[

Annotations:
Lair:1 Restia's ghost, experienced FoFi


Message History

You feel very sick.
* * * LOW HITPOINT WARNING * * *
You feel very sick.
The deep elf summoner mumbles some strange words.
The deep elf summoner blinks!
You block the orange rat's attack.
* * * LOW HITPOINT WARNING * * *
You feel sick.
The deep elf summoner mumbles some strange words.
The deep elf summoner blinks!
* * * LOW HITPOINT WARNING * * *
You feel sick.
* * * LOW HITPOINT WARNING * * *
You feel sick. Beogh protects you from harm! You block the orange rat's attack.
The deep elf summoner mumbles some strange words.
The deep elf summoner blinks!
The demonic crawler hits you but does no damage.
The demonic crawler closely misses you. x2
You die...

#..###.## ##s# ####
##.#####+#### ##.##
##.#.......###.##
##'.......##.##
#.........'##
##.........##
#######...ss......#
#####.......s.........#
#.........@.rr........#
#..≈≈≈≈≈..##.......e.##
#≈≈≈≈≈≈≈≈≈##.....§...#
#≈≈≈≈≈≈≈≈≈###.......##
#≈≈≈)≈≈≈≈≈# #.......#
#..≈(≈≈≈..# #########
#.........# #....<)...#
##.......##


You could see a demonic crawler, 2 redbacks and 2 orange rats.

Vanquished Creatures
  Harold (D:10)
  Pikel (D:4)
  An orc knight (Orc:4)
  A troll (D:9)
  2 two-headed ogres
  A deep elf mage (Elf:1)
  A hill giant zombie (D:8)
  A yak (D:9)
  A wyvern (D:8)
  A fire bat (Orc:4)
  4 sharks (D:9)
  2 deep elf fighters (Elf:1)
  4 wolves (D:9)
  2 water moccasins
  2 sky beasts
  2 wargs
  9 orc warriors
  4 ice beasts
  9 ogres
  3 black bears
  A phantom (D:5)
  The ghost of haldagan the Insei, an average DsMo of Cheibriados (D:3)
  2 centaurs
  A yellow wasp (D:9)
  A big kobold (D:8)
  Blork the orc (D:9)
  A cyclops zombie (D:10)
  4 giant frogs
  2 scorpions
  A hippogriff zombie (D:9)
  A yak zombie (D:9)
  3 wights (D:7)
  A troll skeleton (D:10)
  26 killer bees
  4 electric eels
  2 crimson imps
  A goliath beetle (D:8)
  4 orc priests
  3 big fish (D:9)
  3 jellies
  8 hounds
  An iguana (D:9)
  6 worker ants
  19 orc wizards
  An ogre skeleton (D:3)
  4 gnolls (D:8)
  3 shadow imps
  15 adders
  A giant mite (D:5)
  5 green rats (Lair:1)
  An inept feature mimic (D:7)
  A worm (D:2)
  An inept item mimic (D:3)
  11 giant geckos
  34 orcs
  8 ball pythons
  7 giant cockroaches
  11 hobgoblins
  6 jackals
  3 quokkas
  13 bats
  A giant gecko zombie (D:5)
  4 giant newts
  18 goblins
  23 kobolds
  A kobold zombie (D:7)
  An orc skeleton (D:5)
  3 orc zombies
  A quokka skeleton (D:6)
  14 rats
  A rat skeleton (D:4)
  18 ballistomycetes (D:8)
359 creatures vanquished.

Vanquished Creatures (collateral kills)
  5 orc high priests
  3 orc knights
  2 orc sorcerers (Orc:4)
  A sixfirhy (Orc:4)
  A hellwing (Orc:4)
  A blue devil (Orc:4)
  A red devil (Orc:4)
  2 fire bats (Orc:4)
  A neqoxec (Orc:4)
  2 wargs
  5 orc warriors
  6 orc priests
  3 ogres
  An iron imp (Orc:4)
  8 orc wizards
  23 orcs
  8 goblins
  A hobgoblin (Orc:2)
  5 orc zombies (Orc:4)
  A rat (D:10)
80 creatures vanquished.

Vanquished Creatures (others)
  2 orc sorcerers (Orc:4)
  An ogre (D:7)
  5 orc wizards
  12 orc warriors
  A scorpion (D:7)
  5 orc priests
  An adder skeleton (D:9)
  71 orcs
  A bat (D:9)
  2 hobgoblins
  A giant spore (D:8)
  3 jackals (D:7)
105 creatures vanquished.

Grand Total: 544 creatures vanquished

Notes
Turn   | Place    | Note
--------------------------------------------------------------
     0 | D:1      | Borgoz, the Hill Orc Fighter, began the quest for the Orb.
     0 | D:1      | Reached XP level 1. HP: 19/19 MP: 1/1
   264 | D:1      | Reached XP level 2. HP: 27/27 MP: 2/2
   574 | D:1      | Reached skill level 4 in Fighting
   863 | D:2      | Reached XP level 3. HP: 30/33 MP: 3/3
  1325 | D:2      | Reached skill level 1 in Throwing
  1405 | D:2      | Reached XP level 4. HP: 23/40 MP: 4/4
  1850 | D:3      | Noticed haldagan's ghost (average DsMo)
  2817 | D:3      | Reached XP level 5. HP: 41/47 MP: 5/5
  2932 | D:3      | Reached skill level 1 in Dodging
  3348 | D:4      | Noticed an ogre
  3669 | D:3      | Killed haldagan's ghost
  3669 | D:3      | Reached XP level 6. HP: 34/53 MP: 6/6
  3803 | D:4      | Found a white marble altar of Elyvilon.
  3911 | D:4      | Killed an ogre
  4184 | D:4      | Found Khaisch's Food Emporium.
  4241 | D:4      | Noticed a slave
  4241 | D:4      | Noticed a slave
  4242 | D:4      | Noticed Pikel
  4244 | D:4      | Noticed a slave
  4244 | D:4      | Noticed a slave
  4268 | D:4      | Killed Pikel
  4268 | D:4      | Reached skill level 5 in Fighting
  4268 | D:4      | Reached skill level 5 in Armour
  4268 | D:4      | Reached skill level 5 in Shields
  4268 | D:4      | Reached XP level 7. HP: 46/61 MP: 7/7
  4276 | D:4      | Reached XP level 8. HP: 54/70 MP: 8/8
  4367 | D:4      | Found a radiant altar of Vehumet.
  4708 | D:5      | Entered Level 5 of the Dungeon
  4829 | D:5      | Found a bloodstained altar of Trog.
  4941 | D:5      | Reached skill level 6 in Fighting
  4941 | D:5      | Reached skill level 5 in Maces & Flails
  5799 | D:4      | Reached XP level 9. HP: 64/78 MP: 9/9
  6410 | D:6      | Identified the Papyrus of Quantum Summoning
  7100 | D:7      | Reached skill level 7 in Fighting
  7149 | D:7      | Found a sparkling altar of Nemelex Xobeh.
  7246 | D:7      | Became a worshipper of Beogh the Brigand
  7382 | D:7      | Reached skill level 5 in Throwing
  7860 | D:7      | Found a staircase to the Ecumenical Temple.
  7906 | D:7      | Found Yhuc's Gadget Shop.
  8273 | D:7      | Found a shimmering altar of Xom.
  8274 | D:7      | Found a burning altar of Makhleb.
  8384 | D:8      | Acquired Beogh's first power
  8415 | D:8      | Found a basalt altar of Yredelemnul.
  8448 | D:8      | Reached XP level 10. HP: 53/88 MP: 10/10
  8929 | D:8      | Reached skill level 8 in Fighting
  9275 | D:8      | Found a blossoming altar of Fedhas.
  9531 | D:8      | Found a snail-covered altar of Cheibriados.
  9675 | D:9      | Noticed Blork the orc
  9684 | D:9      | Killed Blork the orc
 10152 | D:9      | Found Schouzun's General Store.
 10344 | D:9      | Acquired Beogh's second power
 10475 | D:9      | Reached skill level 5 in Dodging
 10663 | D:9      | Found a staircase to the Lair.
 11449 | D:9      | Reached XP level 11. HP: 86/95 MP: 11/11
 11600 | D:9      | Reached skill level 9 in Fighting
 11636 | Lair:1   | Entered Level 1 of the Lair of Beasts
 11709 | Lair:1   | Noticed Restia's ghost (experienced FoFi)
 12006 | D:10     | Entered Level 10 of the Dungeon
 12878 | D:10     | Found Ghekh's Demolitions Depot.
 13112 | D:10     | Noticed Harold
 13154 | D:10     | Killed Harold
 13489 | D:10     | Found Kaomioj's Antique Armour Shoppe.
 13664 | D:10     | Acquired Beogh's third power
 13999 | D:10     | Found a staircase to the Orcish Mines.
 14160 | Orc:1    | Entered Level 1 of the Orcish Mines
 14686 | Orc:1    | Found a roughly hewn altar of Beogh.
 15301 | Orc:3    | Acquired Beogh's fourth power
 15552 | Orc:3    | Gained Marbaugh as an ally
 15633 | Orc:3    | Noticed an orc knight
 15643 | Orc:3    | Your ally Marbaugh died
 15648 | Orc:3    | an orc knight (ally) was killed
 15692 | Orc:4    | Entered Level 4 of the Orcish Mines
 15781 | Orc:4    | Found a staircase to the Elven Halls.
 15909 | Orc:4    | Noticed an orc high priest
 15910 | Orc:4    | Noticed an orc knight
 15910 | Orc:4    | Noticed an orc knight
 15910 | Orc:4    | Noticed an orc high priest
 15910 | Orc:4    | Noticed an orc high priest
 15910 | Orc:4    | Noticed an orc knight
 15911 | Orc:4    | Noticed an orc knight
 15912 | Orc:4    | Noticed a soul eater
 16567 | Orc:4    | Gained Bogbrand as an ally
 16723 | Orc:4    | Paralysed by an orc sorcerer for 6 turns
 16763 | Orc:4    | Noticed an orc high priest
 16766 | Orc:4    | Your ally Bogbrand died
 16767 | Orc:4    | Noticed an ice devil
 16778 | Orc:4    | Killed an orc high priest
 16853 | Orc:4    | Killed an orc high priest
 16862 | Orc:4    | Killed an orc knight
 16893 | Orc:4    | Killed an orc knight
 16905 | Orc:4    | Paralysed by an orc sorcerer for 7 turns
 16915 | Orc:4    | Reached XP level 12. HP: 23/106 MP: 12/12
 16952 | Orc:4    | Killed an orc high priest
 17229 | Orc:4    | Killed an orc high priest
 17229 | Orc:4    | Reached skill level 10 in Fighting
 17267 | Orc:4    | Killed an orc knight
 17290 | Orc:4    | Found Kudghiorphi's Armour Shop.
 17290 | Orc:4    | Found Pnar's Assorted Antiques.
 17291 | Orc:4    | Found Otofar Iczi's Book Emporium.
 17295 | Orc:4    | Found Voenel's Armour Emporium.
 17516 | Elf:1    | Entered Level 1 of the Elven Halls
 17705 | Elf:1    | Noticed an orc high priest
 17719 | Elf:1    | Killed an orc high priest
 17719 | Elf:1    | Reached skill level 1 in Long Blades
 17800 | Elf:1    | HP: 5/106 [poisoned by a redback]
 17802 | Elf:1    | HP: 2/106 [poisoned by a redback]
 17803 | Elf:1    | Beogh protects you from harm!
 17804 | Elf:1    | Succumbed to a redback's poison

Action                   |  1- 3 |  4- 6 |  7- 9 | 10-12 || total
-------------------------+-------+-------+-------+-------++-------
Melee: Flail             |   133 |   178 |   516 |  1147 ||  1974
       Dagger            |       |    60 |       |       ||    60
       Long sword        |       |       |       |    11 ||    11
Throw: Tomahawk          |     3 |     1 |       |     5 ||     9
Invok: Convert to Beogh  |       |       |     1 |       ||     1
       Smiting           |       |       |       |     3 ||     3
Evoke: Wand              |       |       |       |     2 ||     2
  Use: Potion            |       |     1 |     5 |    10 ||    16
       Scroll            |       |       |    20 |    16 ||    36
 Stab: Distracted        |       |       |       |     5 ||     5
